Map: Ley Lines

Players

Zystem

  • Race: Terran Terran
  • League: Diamond
  • Spawn Location: 7:00

A.I. 1 (Very Easy) - Winner!

  • Race: Protoss Protoss
  • Spawn Location: 1:00

VOD

Have the link to the VOD?

Description

Time

  • Played on: June 6, 2025, 4:11 p.m.
  • Length: 13:46
Show
View Real Time Build Order
Export as new Build Order

Zystem Terran 

Build Orders:  

Get SALT Encoding   

  12  0:13  Supply Depot  
  12  0:23  Refinery  
  12  0:25  Refinery  
  12  0:34  SCV  
  13  0:45  Barracks  
  13  0:50  SCV  
  14  1:38  Factory  
  14  1:39  Barracks Tech Lab  
  14  1:47  Orbital Command  
  14  2:39  Stimpack  
  14  3:20  Factory Tech Lab  
  14  3:25  Starport  
  14  3:29  Reaper  
  15  3:41  Infernal Pre-Igniter  
  15  3:59  SCV  
  15  4:02  Starport Tech Lab  
  16  4:11  SCV  
  17  4:17  Ghost Academy  
  17  4:19  Combat Shield  
  17  4:23  SCV  
  18  4:29  Interference Matrix  
  18  4:35  SCV  
  19  4:47  SCV  
  20  4:53  Banshee  
  23  5:00  Mag-Field Accelerator  
  23  5:44  Hyperflight Rotors  
  23  6:02  Personal Cloaking  
  23  6:49  Banshee  
  26  7:15  Armory  
  26  7:18  Fusion Core, Concussive Shells  
  26  7:34  Command Center  
  26  7:42  Nuke  
  26  7:45  Cloaking Field  
  26  7:52  Engineering Bay  
  26  8:04  Drilling Claws  
  26  8:31  Refinery  
  26  8:35  Refinery  
  26  9:00  Hi-Sec Auto Tracking  
  26  9:13  Weapon Refit  
  26  9:23  Smart Servos  
  26  9:57  Neosteel Armor  
  26  9:58  Sensor Tower  
  26  10:04  Missile Turret  
  26  10:05  Planetary Fortress  
  26  10:46  Caduceus Reactor, Terran Ship Weapons Level 1  
  26  11:37  Terran Infantry Weapons Level 1  
  26  11:42  Advanced Ballistics  
  26  13:12  Bunker  
Show
View Real Time Build Order
Export as new Build Order

A.I. 1 (Very Easy) Protoss - Winner!

Build Orders:  

Get SALT Encoding   

  12  0:00  Probe  
  13  0:13  Probe  
  14  0:19  Pylon  
  14  0:37  Assimilator  
  14  0:42  Gateway  
  14  0:45  Pylon  
  14  1:12  Assimilator  
  14  1:22  Probe  
  14  1:30  Probe  
  14  1:31  Cybernetics Core  
  14  1:32  Zealot  
  17  1:38  Probe  
  19  1:49  Probe  
  20  1:58  Warp Gate  
  20  1:59  Probe  
  21  2:07  Probe  
  22  2:40  Stalker  
  24  4:18  Probe  
  24  5:21  Probe  
  24  5:29  Probe  
  24  6:20  Probe  
  24  6:37  Stalker  
  24  6:40  Pylon  
  22  6:57  Probe  
  19  7:06  Zealot  
  21  7:10  Probe  
  21  7:14  Robotics Facility  
  22  7:19  Probe  
  22  7:20  Pylon  
  22  7:22  Pylon  
  23  7:27  Probe  
  19  7:36  Probe  
  19  7:47  Nexus  
  19  7:48  Probe  
  20  7:57  Immortal  
  17  8:00  Probe  
  17  8:04  Pylon  
  22  8:12  Probe  
  15  8:24  Probe  
  8  8:30  Observer  
  6  8:36  Probe  
  7  8:43  Pylon  
  7  8:48  Probe, Immortal  
  6  8:56  Probe  
  6  9:02  Probe  
  8  9:05  Probe  
  9  9:16  Assimilator  
  9  9:17  Probe  
  10  9:22  Observer  
  10  9:24  Probe  
  9  9:27  Pylon  
  10  9:31  Probe, Immortal  
  10  9:38  Probe  
  14  9:45  Probe  
  11  9:53  Probe  
  10  10:00  Probe  
  10  10:02  Immortal  
  10  10:07  Probe  
  14  10:14  Probe  
  15  10:21  Probe  
  15  10:29  Probe  
  15  10:31  Immortal  
  15  10:34  Pylon  
  16  10:39  Pylon  
  16  10:40  Probe  
  20  10:56  Probe  
  16  11:10  Pylon  
  15  11:12  Probe  
  15  11:13  Probe  
  16  11:24  Probe  
Tags
 
League
Diamond
Matchup
PvT
Spawn Locations
Cross Positions
Add a new tag
Caveats
  • Supply blocks, unpowered buildings, or Contaminate may cause inaccurate times.
  • Supply counts are checked every 10 seconds.